 Dungeon Crawl Stone Soup version 0.25.1-2-g60ff931df9 (webtiles) character file.

Game seed: 18389949084842991829

50 hawla the Covered (level 3, -6/33 HPs)
             Began as a Minotaur Fighter on Oct 25, 2020.
             Mangled by an orc
             ... wielding a +0 flail
              (7 damage)
             ... on level 3 of the Dungeon.
             The game lasted 00:03:24 (2573 turns).

hawla the Covered (Minotaur Fighter)                Turns: 2573, Time: 00:03:25

Health: -6/33      AC:  3    Str: 21    XL:     3   Next: 55%
Magic:  2/2        EV: 11    Int:  5    God:
Gold:   106        SH:  0    Dex:  9    Spells: 2/2 levels left

rFire    . . .     SeeInvis .   a - +0 long sword
rCold    . . .     Gourm    .   (no shield)
rNeg     . . .     Faith    .   g - +0 robe
rPois    .         Spirit   .   (helmet restricted)
rElec    .         Reflect  .   o - +0 cloak
rCorr    .         Harm     .   (no gloves)
MR       .....                  (no boots)
Stlth    +.........             (no amulet)
HPRegen  0.11/turn              (no ring)
MPRegen  0.08/turn              (no ring)

@: no status effects
A: retaliatory headbutt, horns 2
a: no special abilities


You were on level 3 of the Dungeon.
You were not hungry.

You visited 1 branch of the dungeon, and saw 3 of its levels.

You collected 106 gold pieces.

Inventory:

Hand Weapons
 a - a +0 long sword (weapon)
Armour
 g - a +0 robe (worn)
 j - a +0 scale mail
 l - a +0 ring mail
 o - a +0 cloak (worn)
Scrolls
 k - a scroll of magic mapping {unknown}
Potions
 b - a potion of invisibility {unknown}
 c - 3 potions of berserk rage {unknown}
 d - 2 potions of might
 e - 3 potions of curing {unknown}
 h - a potion of stabbing {unknown}
 i - 2 potions of heal wounds {unknown}
 m - a potion of flight {unknown}
Comestibles
 f - 3 rations
 n - 5 chunks of flesh


   Skills:
 + Level 4.2 Fighting
 + Level 3.2 Long Blades
 + Level 4.4 Armour
 + Level 0.9 Dodging
 + Level 0.2 Stealth
   Level 3.6 Shields


You had 2 spell levels left.
You didn't know any spells.
Your spell library was empty.

Dungeon Overview and Level Annotations

Branches:
Dungeon (3/15)

Altars:
Fedhas
Kikubaaqudgha
Ru
Sif Muna
Wu Jian


Innate Abilities, Weirdness & Mutations

You reflexively headbutt those who attack you in melee.
You have a pair of horns on your head.


Message History

You butcher the orc corpse.
n - 5 chunks of flesh (gained 2)
You see here an orc skeleton.
An orc comes into view. It is wielding a +0 flail.
The orc throws a boomerang.
The boomerang hits you.
The weapon returns to the orc!
There is a stone staircase leading up, spattered with blood here.
The orc throws a boomerang.
The boomerang hits you.
The weapon returns to the orc!
You see here an orc skeleton.
The orc hits you with a +0 flail.
Things that are here:
a +0 trident; a +0 leather armour The orc hits you with a +0 flail.
You closely miss the orc. The orc hits you with a +0 flail.
* * * LOW HITPOINT WARNING * * *
You barely miss the orc. The orc hits you with a +0 flail.
* * * LOW HITPOINT WARNING * * *
You completely miss the orc. The orc hits you with a +0 flail!
You die...

### ...
#.# #.## .
#.. ...
#.#
#..#####o#
#....<÷)@#
#.###†####
#.. ###.
.# #


You could see an orc.

Vanquished Creatures
  A worm (D:2)
  4 orcs (D:3)
  8 bats
  2 giant cockroaches (D:1)
  5 hobgoblins
  4 jackals (D:2)
  A ball python (D:2)
  2 frilled lizards (D:1)
  6 goblins
  2 kobolds
  5 rats
40 creatures vanquished.

Notes
Turn   | Place    | Note
-------+----------+-------------------------------------------
     0 | D:1      | hawla the Minotaur Fighter began the quest for the Orb.
     0 | D:1      | Reached XP level 1. HP: 19/19 MP: 0/0
   483 | D:1      | Reached XP level 2. HP: 27/27 MP: 1/1
  1663 | D:2      | Found an ancient bone altar of Kikubaaqudgha.
  1741 | D:2      | Found an ornate altar of the Wu Jian Council.
  1747 | D:2      | Found a shimmering blue altar of Sif Muna.
  1769 | D:2      | Found a blossoming altar of Fedhas.
  1784 | D:2      | Found a sacrificial altar of Ru.
  1838 | D:2      | Reached XP level 3. HP: 33/33 MP: 2/2
  2572 | D:3      | HP: 1/33 [orc/+0 flail (6)]
  2573 | D:3      | Mangled by an orc

Illustrated notes

Levels and vault maps discovered:
D:1:      evilmike_arrival_rings, layout_basic
D:2:      layout_basic, lemuel_crystal_altar, nicolae_overflow_quartered_altars,
          dk_noncrumbling_3
D:3:      layout_loops_ring, kennysheep_slug_shrine, first_ration

Skill      XL: |  1  2 |
---------------+-------+-----
Armour         | 4 |  4.4
Fighting       | 4 |  4.2
Long Blades    | 3 |  3.2
Dodging        | |  0.9
Stealth        | |  0.2
Shields        | |  3.6

Action                   || total
-------------------------++-------
Melee: Long sword        ||    63
       Headbutt          ||    11
  Eat: Chunk             ||     5
Armor: Robe              ||    11
Dodge: Dodged            ||    50
       Rpst.: Long sword ||    15
